 Dungeon Crawl Stone Soup version 0.23.2-1-ga50397a6bc (webtiles) character file.

Game seed: 8540696139564137054

722 Mrkan the Ruffian (level 7, -3/71 HPs)
             Began as a Troll Monk on May 20, 2019.
             Was a Priest of Okawaru.
             Slain by an ogre
             ... wielding a +0 giant club
              (24 damage)
             ... on level 4 of the Dungeon.
             The game lasted 00:04:40 (2330 turns).

Mrkan the Ruffian (Troll Monk)                      Turns: 2330, Time: 00:04:41

Health: -3/71      AC:  8    Str: 22    XL:     7   Next: 43%
Magic:  6/6        EV: 10    Int:  6    God:    Okawaru [***...]
Gold:   87         SH:  0    Dex: 12    Spells: 6/6 levels left

rFire    . . .     SeeInvis .     - Unarmed
rCold    . . .     Gourm    +   (no shield)
rNeg     . . .     Faith    .   s - +2 robe {MR+}
rPois    .         Spirit   .   (helmet restricted)
rElec    .         Reflect  .   (no cloak)
rCorr    .         Harm     .   (gloves unavailable)
MR       +....                  (boots unavailable)
Stlth    ++........             (no amulet)
HPRegen  0.61/turn              (no ring)
MPRegen  0.10/turn              (no ring)

@: no status effects
A: large, unfitting armour, claws 3, fast metabolism 3, gourmand, regeneration
1, shaggy fur 1, tough skin 3
a: Heroism, Renounce Religion


You were on level 4 of the Dungeon.
You worshipped Okawaru.
Okawaru was most pleased with you.
You were very hungry.

You visited 1 branch of the dungeon, and saw 4 of its levels.

You collected 87 gold pieces.

Inventory:

Armour
 a - a +0 robe
 s - a +2 robe of magic resistance (worn)
Jewellery
 d - an uncursed amulet of regeneration {unknown}
 i - an uncursed ring of protection from magic {unknown}
 k - an uncursed ring of positive energy
Wands
 t - a wand of polymorph (8)
 u - a wand of paralysis (4)
Scrolls
 c - 2 scrolls of fear {unknown}
 f - a scroll of enchant weapon {unknown}
 g - 2 scrolls of immolation {unknown}
 j - 2 scrolls of remove curse {unknown}
 n - a scroll of enchant armour {unknown}
 p - a scroll of identify {unknown}
 q - a scroll of magic mapping {unknown}
Potions
 e - a potion of mutation {unknown}
 h - 2 potions of heal wounds {unknown}
 l - a potion of flight {unknown}
 m - a potion of curing {unknown}
 o - a potion of lignification {unknown}
 r - a potion of berserk rage {unknown}
Comestibles
 b - 7 rations
 v - a chunk of flesh


   Skills:
 + Level 4.6 Fighting
 - Level 2.4 Dodging
 - Level 1.0 Stealth
 * Level 7.4 Unarmed Combat


You had 6 spell levels left.
You didn't know any spells.
Your spell library was empty.

Dungeon Overview and Level Annotations

Branches:
Dungeon (4/15)
 Temple: D:4-7

Altars:
Dithmenos
Kikubaaqudgha
Okawaru
Qazlal
Sif Muna
Wu Jian
Xom

Shops:
D:4 *


Innate Abilities, Weirdness & Mutations

You are too large for most types of armour.
You have claws for hands.
Your metabolism is lightning-fast.
You like to eat raw meat.
Your natural rate of healing is unusually fast.
You are covered in fur. (AC +1)
You have extremely tough skin. (AC +3)


Message History

The orc priest is severely wounded.
The orc priest hits you but does no damage.
You claw the orc priest!
You kill the orc priest!
Okawaru accepts your kill.
Items here: )))) [[ ††† 2 orcs and an ogre come into view.
The orc shouts!
Items here: )))) [[ ††
Items here: )))) [[ †††
Things that are here:
a +0 flail; a +0 leather armour; an orc corpse You see here a giant cockroach corpse.
There are no objects that can be picked up here. a giant cockroach corpse You butcher the giant cockroach corpse.
You see here a chunk of flesh.
v - a chunk of flesh The ogre hits you with a +0 giant club!!
You die...

..#.### ....##############
...#.............#
####.###########.#
.......#.....###.#
####...#.#....##.#
#...#.#..#.##.#
#.....#....##.#..
#.......#..##@#.#
#..######..##O#.# .. =...
####..........##.#.# . .o.#
..............##o#.# .#o..#
#####.........##.#.# .....#
###########....#.#.######....#
#..............#.............#
#.########....####.######..#
#.# ######.######....)o)..#


You could see an ogre and an orc.

Vanquished Creatures
  Duvessa (D:4)
  A bullfrog (D:3)
  Dowan (D:4)
  A crimson imp (D:3)
  5 orc priests (D:4)
  3 orc wizards (D:4)
  2 worker ants (D:4)
  8 adders
  An ooze (D:2)
  A worm (D:2)
  A dart slug (D:1)
  2 leopard geckos
  16 orcs
  3 ball pythons
  3 giant cockroaches
  12 goblins
  7 hobgoblins
  12 jackals
  9 kobolds
  2 quokkas
  6 bats
  A frilled lizard (D:2)
  6 rats
104 creatures vanquished.

Notes
Turn   | Place    | Note
-------+----------+-------------------------------------------
     0 | D:1      | Mrkan the Troll Monk began the quest for the Orb.
     0 | D:1      | Reached XP level 1. HP: 22/22 MP: 0/0
   111 | D:1      | Reached XP level 2. HP: 29/29 MP: 1/1
   561 | D:1      | Reached XP level 3. HP: 36/36 MP: 2/2
   744 | D:2      | Reached skill level 4 in Unarmed Combat
   859 | D:2      | Found an ancient bone altar of Kikubaaqudgha.
   886 | D:2      | Found an iron altar of Okawaru.
   989 | D:2      | Reached XP level 4. HP: 45/45 MP: 3/3
  1092 | D:2      | Found a shadowy altar of Dithmenos.
  1278 | D:2      | Found a shimmering altar of Xom.
  1295 | D:2      | Became a worshipper of Warmaster Okawaru
  1295 | D:2      | Reached * piety under Okawaru
  1295 | D:2      | Reached ** piety under Okawaru
  1328 | D:2      | Found an ornate altar of the Wu Jian Council.
  1384 | D:3      | Noticed a bullfrog
  1400 | D:3      | Killed a bullfrog
  1400 | D:3      | Reached skill level 5 in Unarmed Combat
  1400 | D:3      | Reached XP level 5. HP: 33/53 MP: 4/4
  1990 | D:4      | Found a deep blue altar of Sif Muna.
  1990 | D:4      | Noticed Dowan
  1992 | D:4      | Noticed Duvessa
  2012 | D:4      | Killed Duvessa
  2012 | D:4      | Reached skill level 6 in Unarmed Combat
  2012 | D:4      | Reached XP level 6. HP: 52/62 MP: 5/5
  2022 | D:4      | Reached *** piety under Okawaru
  2035 | D:4      | Killed Dowan
  2140 | D:4      | Found a stormy altar of Qazlal.
  2161 | D:4      | Found Foklat's Assorted Antiques.
  2273 | D:4      | Reached XP level 7. HP: 55/70 MP: 6/6
  2289 | D:4      | Reached skill level 7 in Unarmed Combat
  2330 | D:4      | Slain by an ogre

Skill      XL: |  1  2  3  4  5  6  7 |
---------------+----------------------+-----
Unarmed Combat | 4 5 6 7 |  7.4
Fighting       | 3 4 |  4.6
Dodging        | |  2.4
Stealth        | |  1.0

Action                   |  1- 3 |  4- 6 |  7- 9 || total
-------------------------+-------+-------+-------++-------
Melee: Unarmed           |   105 |   160 |    25 ||   290
       Punch             |     1 |     2 |       ||     3
 Stab: Sleeping          |     2 |     1 |       ||     3
  Eat: Chunk             |     6 |     8 |       ||    14
       Ration            |       |     1 |       ||     1
Armor: Robe              |    63 |    75 |     8 ||   146
Dodge: Dodged            |    86 |   105 |     1 ||   192
